 Dungeon Crawl Stone Soup version 0.25.0-9-g26727b657a (webtiles) character file.

Game seed: 14476899863910030317

97 Infinimo the Shooter (level 4, 0/38 HPs)
             Began as a Centaur Hunter on June 17, 2020.
             Slain by an adder (2 damage)
             ... on level 3 of the Dungeon.
             The game lasted 00:02:30 (2874 turns).

Infinimo the Shooter (Centaur Hunter)               Turns: 2874, Time: 00:02:31

Health: 0/38       AC:  4    Str: 14    XL:     4   Next: 42%
Magic:  4/4        EV:  9    Int: 10    God:
Gold:   153        SH:  0    Dex: 11    Spells: 3/3 levels left

rFire    . . .     SeeInvis .   a - +1 shortbow
rCold    . . .     Gourm    .   (shield currently unavailable)
rNeg     . . .     Faith    .   c - +0 leather armour
rPois    .         Spirit   .   (no helmet)
rElec    .         Reflect  .   (no cloak)
rCorr    .         Harm     .   (no gloves)
MR       .....                  (no barding)
Stlth    +.........             (no amulet)
HPRegen  0.12/turn              (no ring)
MPRegen  0.09/turn              (no ring)

@: lethally poisoned (0 -> -3), stab, very quick
A: large, hooves 3, deformed body, speed 2, tough skin 3
a: no special abilities


You were on level 3 of the Dungeon.
You were not hungry.

You visited 1 branch of the dungeon, and saw 3 of its levels.

You collected 153 gold pieces.

Inventory:

Hand Weapons
 a - a +1 shortbow (weapon)
 k - a +2 vampiric dagger
Missiles
 d - 34 arrows (quivered)
Armour
 c - a +0 leather armour (worn)
Jewellery
 h - an uncursed ring of protection from fire {unknown}
 l - a +6 ring of strength {unknown}
Scrolls
 b - 2 scrolls of fog
 g - a scroll of remove curse {unknown}
 j - 4 scrolls of identify {unknown}
 m - a scroll of fear
Comestibles
 f - 10 rations
 i - 2 chunks of flesh


   Skills:
 + Level 3.0 Fighting
 * Level 7.2 Bows
 - Level 1.3 Dodging
 - Level 0.4 Stealth


You had 3 spell levels left.
You didn't know any spells.
Your spell library was empty.

Dungeon Overview and Level Annotations

Branches:
Dungeon (3/15)

Altars:


Innate Abilities, Weirdness & Mutations

You have hooves in place of feet.
Armour fits poorly on your strangely shaped body.
You cover ground very quickly.
You have extremely tough skin. (AC +3)


Message History

The adder is moderately wounded.
* * * LOW HITPOINT WARNING * * *
You feel sick. The adder barely misses you. The adder closely misses you.
Firing (i - inventory)
d - 37 arrows (quivered)
Press: ? - help, Shift-Dir - straight line, f/p - adder
Aim: an adder (moderately wounded)
You shoot an arrow. The arrow misses the adder.
The adder barely misses you.
Firing (i - inventory)
d - 36 arrows (quivered)
Press: ? - help, Shift-Dir - straight line, f/p - adder
Aim: an adder (moderately wounded)
You shoot an arrow. The arrow barely misses the adder.
The adder bites you but does no damage.
Firing (i - inventory)
d - 35 arrows (quivered)
Press: ? - help, Shift-Dir - straight line, f/p - adder
Aim: an adder (moderately wounded)
You shoot an arrow. The arrow hits the adder.
The adder is heavily wounded.
* * * LOW HITPOINT WARNING * * *
You feel sick. The adder bites you.
You die...

.. .###.......≈≈≈≈≈≈...... ##.#
#..(...≈≈§≈≈≈≈...... #+#..# #
#...≈≈≈≈≈≈≈≈........ ....## ..
#.≈≈≈≈≈§≈≈≈≈≈....... .....###.#
#≈≈≈≈≈≈≈§≈≈≈≈≈...... .<#....#.###
#≈≈≈≈≈≈≈≈≈≈§≈§≈..... ..#..#.#...#
#.≈≈≈≈≈≈≈≈≈≈≈≈≈≈).##
..#.....##.###..S..≈≈≈≈≈≈≈≈≈≈....
###.##).....##..@...≈≈≈≈≈≈≈...###
............##......≈≈.......##
###.#.......##.......≈≈......####
#.#.......##.......≈...(......#
#.#...##.#########............#
#.....##.# ##...........#
......#.##.# #.÷.........#
#######.##.# #...........# ##
#.##.# #...........#


You could see an adder.

Vanquished Creatures
  3 adders (D:2)
  An ooze (D:2)
  2 worms (D:3)
  A leopard gecko (D:1)
  2 orcs (D:3)
  2 giant cockroaches
  6 goblins
  9 hobgoblins
  8 jackals (D:1)
  4 bats
  2 frilled lizards (D:1)
  A jackal zombie (D:3)
  8 kobolds
  4 rats
53 creatures vanquished.

Notes
Turn   | Place    | Note
-------+----------+-------------------------------------------
     0 | D:1      | Infinimo the Centaur Hunter began the quest for the Orb.
     0 | D:1      | Reached XP level 1. HP: 17/17 MP: 1/1
   308 | D:1      | Reached XP level 2. HP: 5/24 MP: 2/2
   630 | D:1      | Reached skill level 6 in Bows
  1441 | D:2      | Reached XP level 3. HP: 30/30 MP: 3/3
  2205 | D:2      | Reached XP level 4. HP: 20/37 MP: 4/4
  2207 | D:2      | Reached skill level 7 in Bows
  2874 | D:3      | Slain by an adder

Illustrated notes

Levels and vault maps discovered:
D:1:      dpeg_arrival_tiny_i, layout_basic, serial_bayou_pond_e
D:2:      minmay_wonky_spiral, layout_loops_ring
D:3:      cheibrodos_greedy_goblins, layout_basic, first_ration,
          lemuel_old_faithful

Skill      XL: |  1  2  3  4 |
---------------+-------------+-----
Bows           | 6 7 |  7.2
Fighting       | 3 |  3.0
Dodging        | |  1.3
Stealth        | |  0.4

Action                   |  1- 3 |  4- 6 || total
-------------------------+-------+-------++-------
Melee: Short sword       |    46 |       ||    46
       Kick              |    13 |     6 ||    19
       Dagger            |    68 |    37 ||   105
 Fire: Shortbow          |    36 |     5 ||    41
  Use: Scroll            |     3 |       ||     3
       Potion            |       |     1 ||     1
  Eat: Chunk             |     3 |     2 ||     5
Armor: Leather armour    |    53 |     5 ||    58
Dodge: Dodged            |    64 |    14 ||    78
